 Dungeon Crawl Stone Soup version 0.27.1 (webtiles) character file.

Game seed: 10564357555695579216

68 speeev33 the Skirmisher (level 4, 0/41 HPs)
             Began as a Hill Orc Fighter on Aug 29, 2021.
             Slain by a centaur (2 damage)
             ... on level 3 of the Dungeon.
             The game lasted 00:02:41 (2624 turns).

speeev33 the Skirmisher (Hill Orc Fighter)          Turns: 2624, Time: 00:02:43

Health: 0/41       AC:  6    Str: 19    XL:     4   Next: 19%
Magic:  4/4        EV:  7    Int:  8    God:
Gold:   104        SH:  9    Dex: 10    Spells: 3/3 levels left

rFire    . . .     SeeInvis .   a - +1 war axe
rCold    . . .     Faith    .   c - +0 kite shield
rNeg     . . .     Spirit   .   b - +0 scale mail
rPois    .         Reflect  .   (no helmet)
rElec    .         Harm     .   (no cloak)
rCorr    .         Rampage  .   (no gloves)
Will     .....                  (no boots)
Stlth    ..........             (no amulet)
HPRegen  0.13/turn              (no ring)
MPRegen  0.09/turn              (no ring)

@: mighty
A: no striking features
a: no special abilities


You were on level 3 of the Dungeon.
You visited 1 branch of the dungeon, and saw 3 of its levels.

You collected 104 gold pieces.

Inventory:

Hand Weapons
 a - a +1 war axe (weapon)
Armour
 b - a +0 scale mail (worn)
 c - a +0 kite shield (worn)
Wands
 k - a wand of polymorph (10)
Scrolls
 g - 2 scrolls of fear
 h - a scroll of magic mapping
 j - a scroll of amnesia
Potions
 e - a potion of curing {unknown}
 f - 2 potions of heal wounds {unknown}
 i - a potion of brilliance {unknown}


   Skills:
 + Level 4.5 Fighting
 + Level 3.9 Axes
 - Level 3.2 Armour
 + Level 4.1 Shields


You had 3 spell levels left.
You didn't know any spells.
Your spell library was empty.

Dungeon Overview and Level Annotations

Branches:
Dungeon (3/15)

Altars:

Shops:
D:3 *[


Message History

The centaur hits you but does no damage.
You block the centaur's attack.
You see here 15 stones.
You hit the centaur.
The centaur is lightly wounded.
The centaur hits you but does no damage.
The centaur kicks you but does no damage.
The centaur barely misses you. The centaur misses you.
You closely miss the centaur.
The centaur is lightly wounded.
You block the centaur's attack.
The centaur kicks you but does no damage.
You block the centaur's attack.
The centaur kicks you but does no damage.
You slash the centaur!
The centaur is heavily wounded.
The centaur hits you but does no damage.
The centaur kicks you but does no damage.
The centaur hits you.
* * * LOW HITPOINT WARNING * * *
The centaur closely misses you.
The centaur hits you but does no damage.
You block the centaur's attack.
You feel very mighty all of a sudden. You block the centaur's attack.
The centaur kicks you.
* * * LOW HITPOINT WARNING * * *
You hit the centaur.
The centaur is heavily wounded.
You block the centaur's attack. The centaur barely misses you.
The centaur hits you.
* * * LOW HITPOINT WARNING * * *
The centaur kicks you but does no damage.
You slash the centaur!
The centaur is almost dead.
The centaur hits you.
* * * LOW HITPOINT WARNING * * *
You block the centaur's attack.
The centaur hits you but does no damage.
The centaur kicks you.
You die...

.... ##..#####...# ....
#..## #...# .....
##♣.## #...# <....
♣.∩.♣ #####...# .!....
##.♣.###.......#
......##.........##...#
.........#.###..###...#
..$........c##.## #...#
.......####@##.## #...#
.=..... #.....# #...#
....... ####..#######
......# #...# ..=..#
#...### ##... #.#...#
#.#. ...#.#.###
#..###.....## #..#
###....###


You could see a centaur.

Vanquished Creatures
  An adder (D:2)
  3 dart slugs
  An orc (D:3)
  4 ball pythons
  3 endoplasms
  3 giant cockroaches
  4 goblins
  4 hobgoblins
  4 jackals
  A quokka (D:1)
  6 bats
  4 frilled lizards
  7 kobolds
  3 rats
48 creatures vanquished.

Vanquished Creatures (others)
  39 plants
39 creatures vanquished.

Grand Total: 87 creatures vanquished

Notes
Turn   | Place    | Note
-------+----------+-------------------------------------------
     0 | D:1      | speeev33 the Hill Orc Fighter began the quest for the Orb.
     0 | D:1      | Reached XP level 1. HP: 19/19 MP: 1/1
   247 | D:1      | Reached XP level 2. HP: 27/27 MP: 2/2
   762 | D:1      | Reached XP level 3. HP: 32/33 MP: 3/3
  2061 | D:2      | Reached XP level 4. HP: 41/41 MP: 4/4
  2471 | D:3      | Found Athrucol's Antique Armour Emporium.
  2565 | D:3      | Found Ikeduecw's Assorted Antiques.
  2604 | D:3      | Noticed a centaur
  2624 | D:3      | HP: 2/41 [centaur (2)]
  2624 | D:3      | Slain by a centaur

Illustrated notes

Levels and vault maps discovered:
D:1:      dpeg_arrival_pits, layout_basic
D:2:      layout_basic, serial_bayou, serial_bayou_shore_b, serial_bayou_pond_b,
          serial_bayou_crossing, serial_bayou_pond_c, serial_bayou_lagoon_a
D:3:      layout_rooms, serial_shops, shop, nicolae_shop_trees, shop,
          nicolae_shop_waterfront, shop_fountains, serial_bayou_pond_c

Skill      XL: |  1  2  3 |
---------------+----------+-----
Axes           | 3 |  3.9
Fighting       | 4 |  4.5
Shields        | 4 |  4.1
Armour         | |  3.2

Action                   |  1- 3 |  4- 6 || total
-------------------------+-------+-------++-------
Melee: War axe           |   123 |    28 ||   151
  Use: Scroll            |     3 |     1 ||     4
       Potion            |       |     1 ||     1
Armor: Scale mail        |    69 |    26 ||    95
Dodge: Dodged            |    29 |    10 ||    39
Block: Kite shield       |    80 |    26 ||   106
